 Dungeon Sprint DCSS version 0.26-a0-708-g17f3b190f9 (webtiles) character file.

Game seed: 7454221941408810817

6913 mhtbhm the Bludgeoner (level 11, -5/96 HPs)
             Began as a Formicid Fighter on Oct 29, 2020.
             Was the Champion of Makhleb.
             Slain by a catoblepas (13 damage)
             ... while petrified by you
             ... in the Dungeon (Sprint IX: "|||||||||||||||||||||||||||||").
             The game lasted 00:01:32 (616 turns).

mhtbhm the Bludgeoner (Formicid Fighter)             Turns: 616, Time: 00:01:32

Health: -5/96      AC: 17    Str: 23    XL:     11   Next: 27%
Magic:  11/11      EV:  2    Int: 12    God:    Makhleb [******]
Gold:   0          SH:  0    Dex: 10    Spells: 10/10 levels left

rFire    . . .     SeeInvis +   a - +2 morningstar (vorpal)
rCold    . . .     Faith    .   c - +0 kite shield
rNeg     + + +     Spirit   .   b - +1 chain mail
rPois    ∞         Reflect  .   (helmet unavailable)
rElec    .         Harm     .   l - +0 cloak
rCorr    .         Rampage  .   (no gloves)
MR       +....                  m - +0 pair of boots
Stlth    ..........             (no amulet)
HPRegen  0.26/turn              n - +2 ring of protection
MPRegen  0.12/turn              o - +3 ring of intelligence

@: petrified
A: permanent stasis, dig shafts and tunnels, four strong arms, antennae 3
a: Dig, Minor Destruction, Lesser Servant of Makhleb, Major Destruction, Greater
Servant of Makhleb, Renounce Religion


You were in the Dungeon.
You worshipped Makhleb.
Makhleb was exalted by your worship.
You visited 1 branch

Inventory:

Hand Weapons
 a - a +2 vorpal morningstar (weapon)
Armour
 b - a +1 chain mail (worn)
 c - a +0 kite shield (worn)
 l - a +0 cloak (worn)
 m - a +0 pair of boots (worn)
Magical Staves
 q - an uncursed staff of earth
Jewellery
 n - a +2 ring of protection (left hand)
 o - a +3 ring of intelligence (right hand)
Wands
 k - a wand of acid (6)
Scrolls
 i - 3 scrolls of remove curse
 j - 2 scrolls of amnesia
 r - a scroll of fog
 s - 2 scrolls of identify
 t - 2 scrolls of fear
Potions
 e - 6 potions of curing
 f - 8 potions of heal wounds
 g - 4 potions of magic
 h - a potion of invisibility
 p - 2 potions of brilliance


   Skills:
 + Level 12.6 Fighting
 + Level 16.0 Maces & Flails
 + Level 10.9 Armour
 + Level 5.7 Dodging
 + Level 1.2 Stealth
 + Level 14.5 Shields
 + Level 2.1 Evocations


You had 10 spell levels left.
You didn't know any spells.
Your spell library was empty.

Dungeon Overview and Level Annotations

Branches:
Dungeon (1/1)

Altars:
Cheibriados
Dithmenos
Elyvilon
Fedhas
Gozag
Hepliaklqana
Kikubaaqudgha
Makhleb
Nemelex Xobeh
Okawaru
Qazlal
Ru
Sif Muna
Trog
Uskayaw
Vehumet
Wu Jian
Xom
Yredelemnul
Zin
The Shining One
Beogh
Jiyva
Lugonu


Innate Abilities, Weirdness & Mutations

You cannot be hasted, slowed, berserked, paralysed or teleported.
You can dig through walls and to a lower floor.
Your four strong arms can wield two-handed weapons with a shield.
You have a pair of large antennae on your head. (SInv)


Message History

The catoblepas breathes a plume of calcifying dust at you.
The blast of calcifying dust hits you!
You puncture the catoblepas!
The catoblepas is heavily wounded.
You are engulfed in calcifying dust.
You are slowing down.
The catoblepas gores you!!
* * * LOW HITPOINT WARNING * * *
You hit the catoblepas.
The catoblepas is heavily wounded.
You are engulfed in calcifying dust.
Your limbs have turned to stone.
The catoblepas gores you!
* * * LOW HITPOINT WARNING * * *
You have turned to stone.
You are engulfed in calcifying dust.
The catoblepas breathes a plume of calcifying dust at you.
The blast of calcifying dust hits you but does no damage.
You are engulfed in calcifying dust.
The death yak is no longer petrified.
The catoblepas gores you!!
You die...

▓_▓.▓.▓
{
▓_▓.▓.▓
{
▓_▓.▓.▓
{
▓_▓.▓†▓
{
▓_▓.▓†▓
{
▓_▓.▓.▓
{
▓_▓.▓§▓
{
▓_▓.▓§▓
{
▓_▓.▓@▓
{
▓_▓.▓Y▓
{
▓_▓.▓Y▓
{
▓_▓.▓Y▓
{
▓_▓.▓Y▓
▓'▓.▓Y▓
{
▓.▓.▓Y▓
{
▓?▓.▓.▓
{
▓)▓.▓.▓
{


You could see 2 death yaks, 3 catoblepae and a yak.

Vanquished Creatures
  A hydra (D)
  A centaur warrior (D)
  A death yak (D)
  An unseen horror (D)
  5 cane toads (D)
  2 rime drakes (D)
  3 komodo dragons (D)
  A basilisk (D)
  5 water moccasins (D)
  2 orc warriors (D)
  A wolf (D)
  A centaur (D)
  3 bullfrogs (D)
  An orc priest (D)
  4 adders (D)
  A white imp (D)
  An ooze (D)
  A leopard gecko (D)
  An orc (D)
  A hobgoblin (D)
  A quokka (D)
  A jackal zombie (D)
  A kobold (D)
  A rat (D)
41 creatures vanquished.

Vanquished Creatures (others)
  A death yak (D)
1 creature vanquished.

Grand Total: 42 creatures vanquished

Notes
Turn   | Place    | Note
-------+----------+-------------------------------------------
     0 | D        | mhtbhm the Formicid Fighter began the quest for the Orb.
     0 | D        | Reached XP level 1. HP: 18/18 MP: 1/1
    11 | D        | Reached XP level 2. HP: 24/25 MP: 2/2
   140 | D        | Reached XP level 3. HP: 31/31 MP: 3/3
   144 | D        | Reached skill level 5 in Shields
   153 | D        | Reached skill level 5 in Fighting
   153 | D        | Reached skill level 3 in Maces & Flails
   162 | D        | Found a roughly hewn altar of Beogh.
   162 | D        | Found a snail-covered altar of Cheibriados.
   162 | D        | Found a shadowy altar of Dithmenos.
   162 | D        | Found a white marble altar of Elyvilon.
   162 | D        | Found a blossoming altar of Fedhas.
   162 | D        | Found an opulent altar of Gozag.
   163 | D        | Found a hazy altar of Hepliaklqana.
   164 | D        | Found a viscous altar of Jiyva.
   165 | D        | Found an ancient bone altar of Kikubaaqudgha.
   166 | D        | Found a corrupted altar of Lugonu.
   167 | D        | Found a burning altar of Makhleb.
   168 | D        | Found a sparkling altar of Nemelex Xobeh.
   169 | D        | Found an iron altar of Okawaru.
   170 | D        | Found a stormy altar of Qazlal.
   171 | D        | Found a sacrificial altar of Ru.
   172 | D        | Found a shimmering blue altar of Sif Muna.
   173 | D        | Found a bloodstained altar of Trog.
   174 | D        | Found a hide-covered altar of Uskayaw.
   175 | D        | Found a radiant altar of Vehumet.
   176 | D        | Found an ornate altar of the Wu Jian Council.
   177 | D        | Found a shimmering altar of Xom.
   178 | D        | Found a basalt altar of Yredelemnul.
   179 | D        | Found a glowing silver altar of Zin.
   180 | D        | Found a glowing golden altar of the Shining One.
   191 | D        | Became a worshipper of Makhleb the Destroyer
   264 | D        | Noticed an unseen horror
   264 | D        | Noticed a bullfrog
   271 | D        | Killed an unseen horror
   271 | D        | Reached skill level 8 in Maces & Flails
   271 | D        | Reached XP level 4. HP: 17/44 MP: 4/4
   271 | D        | Reached XP level 5. HP: 19/49 MP: 5/5
   271 | D        | Reached XP level 6. HP: 22/56 MP: 6/6
   271 | D        | Reached XP level 7. HP: 24/62 MP: 7/7
   276 | D        | Reached skill level 9 in Maces & Flails
   276 | D        | Reached skill level 10 in Shields
   277 | D        | Reached * piety under Makhleb
   286 | D        | Reached ** piety under Makhleb
   294 | D        | Noticed a centaur warrior
   294 | D        | Noticed a basilisk
   305 | D        | Killed a centaur warrior
   305 | D        | Reached skill level 11 in Maces & Flails
   305 | D        | Reached XP level 8. HP: 20/71 MP: 8/8
   308 | D        | Reached XP level 9. HP: 36/77 MP: 9/9
   309 | D        | Reached *** piety under Makhleb
   314 | D        | Reached skill level 12 in Maces & Flails
   429 | D        | Noticed a cane toad
   429 | D        | Noticed a cane toad
   429 | D        | Noticed a komodo dragon
   432 | D        | Reached skill level 5 in Dodging
   434 | D        | Noticed a rime drake
   442 | D        | Killed a cane toad
   442 | D        | Reached **** piety under Makhleb
   442 | D        | Reached skill level 10 in Fighting
   447 | D        | Killed a cane toad
   447 | D        | Reached skill level 1 in Evocations
   452 | D        | Killed a komodo dragon
   452 | D        | Reached skill level 13 in Maces & Flails
   452 | D        | Reached skill level 1 in Stealth
   457 | D        | Reached XP level 10. HP: 86/86 MP: 10/10
   471 | D        | Killed a rime drake
   471 | D        | Reached ***** piety under Makhleb
   542 | D        | Noticed a seven-headed hydra
   542 | D        | Noticed a cane toad
   542 | D        | Noticed a cane toad
   542 | D        | Noticed a cane toad
   546 | D        | Killed a seven-headed hydra
   546 | D        | Reached skill level 14 in Maces & Flails
   547 | D        | Noticed a rime drake
   554 | D        | Killed a cane toad
   558 | D        | Noticed a komodo dragon
   559 | D        | Killed a cane toad
   561 | D        | Noticed a komodo dragon
   562 | D        | Killed a cane toad
   562 | D        | Reached skill level 10 in Armour
   567 | D        | Killed a rime drake
   567 | D        | Reached skill level 15 in Maces & Flails
   574 | D        | Killed a komodo dragon
   574 | D        | Reached ****** piety under Makhleb
   574 | D        | Reached XP level 11. HP: 95/95 MP: 11/11
   587 | D        | Noticed a death yak
   587 | D        | Noticed a death yak
   587 | D        | Noticed a catoblepas
   587 | D        | Noticed a catoblepas
   587 | D        | Noticed a catoblepas
   592 | D        | Killed a death yak
   593 | D        | Noticed a death yak
   597 | D        | Noticed a death yak
   598 | D        | Killed a death yak
   598 | D        | Reached skill level 16 in Maces & Flails
   616 | D        | Slain by a catoblepas

Illustrated notes

Levels and vault maps discovered:
D:        linesprint [early_d, line_temple, items_1, d_10, items_2, lair_1,
          lair_end, items_3, orc_1, orc_end, items_4, d_15, swamp_1, shoals_1,
          snake_1, spider_1, d_20, vaults_1, items_5, swamp_end, shoals_end,
          snake_end, spider_end, vaults_end, d_27, items_6, zot_1, zot_end,
          crypt_end, forest_end, elf_end, slime_end, tomb_end, abyss_end,
          pan_hell_end]

Skill      XL: |  1  2  3  4  5  6  7  8  9 10 11 |
---------------+----------------------------------+-----
Shields        | 4 9 11 13 14 | 14.5
Fighting       | 4 8 9 10 11 12 | 12.6
Armour         | 4 6 7 8 10 | 10.9
Maces & Flails | 8 11 13 15 16 | 16.0
Dodging        | 3 4 5 |  5.7
Evocations     | 1 2 |  2.1
Stealth        | 1 |  1.2

Action                   |  1- 3 |  4- 6 |  7- 9 | 10-12 || total
-------------------------+-------+-------+-------+-------++-------
Melee: Flail             |    43 |       |       |       ||    43
       Morningstar       |     7 |       |    59 |    69 ||   135
Evoke: Wand              |       |       |     2 |     2 ||     4
  Use: Potion            |       |       |     1 |     1 ||     2
Armor: Scale mail        |    15 |       |       |       ||    15
       Chain mail        |     4 |       |    16 |    15 ||    35
Dodge: Dodged            |    20 |       |     8 |    21 ||    49
Block: Kite shield       |    25 |       |    25 |    26 ||    76

Table legend: (Time is in decaauts)
 A = Elapsed time spent in this place.
 B = Non-inter-level travel time spent in this place.
 C = Inter-level travel time spent in this place.
 D = Time resting spent in this place.
 E = Time spent auto-exploring this place.
 F = Levels seen in this place.
 G = Mean time per level.
                   A        B        C        D        E       F      G
               +--------+--------+--------+--------+--------+-----+--------+
         Total |    613 |    613 |      0 |    151 |      0 |   1 |  613.0 |
       Dungeon |    613 |    613 |      0 |    151 |      0 |   1 |  613.0 |
               +--------+--------+--------+--------+--------+-----+--------+

Top non-repeatable levels by time:
       D: 613 daAuts
